 Dungeon Crawl Stone Soup version 0.17-a0-1382-gc46a074 (console) character file.

92 Fusha the Charlatan (level 4, 0/33 HPs)
             Began as a Mummy Artificer on June 16, 2015.
             Was a Follower of Yredelemnul.
             Slain by a goblin
             ... wielding a +0 dagger
             ... led by Robin
              (5 damage)
             ... on level 3 of the Dungeon.
             The game lasted 00:07:15 (2993 turns).

Fusha the Charlatan (Mummy Artificer)               Turns: 2993, Time: 00:07:16

Health: 0/33       AC:  5    Str: 15    XL:     4   Next: 35%
Magic:  4/6        EV: 11    Int: 11    God:    Yredelemnul [*.....]
Gold:   142        SH:  0    Dex: 12    Spells: 0 memorised, 3 levels left

rFire  x . .     SeeInvis .     a - +0 short sword
rCold  + . .     Clarity  .     b - +0 leather armour
rNeg   + + +     SustAt   .     (no shield)
rPois  ∞         Gourm    .     (no helmet)
rElec  .         Spirit   .     m - +0 cloak
rCorr  .         Warding  .     l - +0 pair of gloves
rMut   .         Stasis   .     (no boots)
MR     .....                    (no amulet)
Stlth  ++........               (no ring)
                                (no ring)

@: not resistant to hostile enchantments, unstealthy
A: no food or potions, fire vulnerability, cold resistance 1, negative energy
resistance 3, torment resistance, unbreathing
a: Animate Remains, Renounce Religion


You were on level 3 of the Dungeon.
You worshipped Yredelemnul.
Yredelemnul was aware of your devotion.
You were not hungry.

You visited 1 branch of the dungeon, and saw 3 of its levels.

You collected 142 gold pieces.

Inventory:

Hand weapons
 a - a +0 short sword (weapon)
Missiles
 j - 2 javelins (quivered)
Armour
 b - a +0 leather armour (worn)
 l - a +0 pair of gloves (worn)
 m - a +0 cloak (worn)
Magical devices
 c - a wand of flame (14)
 d - a wand of enslavement (15)
 e - a wand of random effects (15)
Scrolls
 f - 2 scrolls of identify {unknown}
 g - a scroll of noise {unknown}
 h - a scroll of immolation {unknown}
 i - a scroll of random uselessness {unknown}
 k - a scroll of amnesia {unknown}
 n - a scroll of enchant armour {unknown}


   Skills:
 + Level 2.0 Fighting
 - Level 0.7 Short Blades
 + Level 1.7 Dodging
 + Level 1.6 Stealth
 * Level 3.5 Evocations


You had 3 spell levels left.
You didn't know any spells.

Dungeon Overview and Level Annotations

Branches:
Dungeon (3/15)

Altars:
Yredelemnul

Annotations:
D:3 Robin


Innate Abilities, Weirdness & Mutations

You do not eat or drink.
Your flesh is vulnerable to fire.
You are immune to poison.
Your flesh is cold resistant.
You are immune to negative energy.
You are immune to unholy pain and torment.
You can survive without breathing.


Message History

The goblin barely misses you.
You barely miss the goblin. Robin hits you from afar with a spear.
* * * LOW HITPOINT WARNING * * *
The goblin hits you with a dagger.
* * * LOW HITPOINT WARNING * * *
You hit the goblin.
You kill the goblin!
Yredelemnul accepts your kill. Robin barely misses you.
Robin roars a battlecry!
Things that are here:
a dagger x2 a goblin corpse Use which ability? (? or * to list)
You attempt to give life to the dead...
The dead are walking!
Robin misses you. Robin throws the goblin at you!
* * * LOW HITPOINT WARNING * * *
The goblin hits you with a dagger.
You die...
Yredelemnul claims you as an undead slave.

#.##.#..#.##..#
#.##.#....##...
#.##.#.#..##.##
#.##.#.#..##.
#.##.......
#.####.#... #.#
#.# #g####.#
#.@)Zgg#
######.# #..#
#g.# #.g# #gg#
#.g# #.g# #g.#


You could see Robin, a hobgoblin (frenzied), a goblin (frenzied) and a friendly
goblin zombie.

Vanquished Creatures
  An adder (D:2)
  3 worms (D:2)
  A giant gecko (D:2)
  4 giant cockroaches
  16 goblins
  8 hobgoblins
  6 jackals
  3 quokkas
  3 ball pythons (D:1)
  5 bats (D:1)
  4 giant newts
  8 kobolds
  4 rats
  A spectral orc (D:2)
67 creatures vanquished.

Notes
Turn   | Place    | Note
--------------------------------------------------------------
     0 | D:1      | Fusha the Mummy Artificer began the quest for the Orb.
     0 | D:1      | Reached XP level 1. HP: 15/15 MP: 2/2
    21 | D:1      | Reached skill level 1 in Stealth
   380 | D:1      | Reached XP level 2. HP: 21/21 MP: 3/3
  1093 | D:1      | Reached XP level 3. HP: 23/26 MP: 5/5
  1141 | D:1      | Reached skill level 3 in Evocations
  2156 | D:2      | Found a faded altar to an unknown god.
  2166 | D:2      | Became a worshipper of Yredelemnul the Dark
  2166 | D:2      | Acquired Yredelemnul's first power
  2174 | D:2      | Reached XP level 4. HP: 25/33 MP: 6/6
  2719 | D:2      | Found a basalt altar of Yredelemnul.
  2967 | D:3      | Noticed Robin
  2993 | D:3      | Slain by a goblin

Vault maps used:
D:1:      dpeg_arrival_central
D:2:      yredelemnul_forgotten_temple_becter, ecumenical_altar_2
D:3:      uniq_robin

Action                   |  1- 3 |  4- 6 || total
-------------------------+-------+-------++-------
Melee: Short sword       |   213 |    77 ||   290
Invok: Animate Remains   |       |     1 ||     1
Evoke: Wand              |     1 |       ||     1
 Stab: Sleeping          |     1 |     2 ||     3
